 Dungeon Crawl Stone Soup version 0.29-a0-330-g52719c12eb (webtiles) character file.

Game seed: 1414320083549305358

1092 serber55 the Schismatic (level 8, -5/62 HPs)
             Began as a Demonspawn Abyssal Knight on Apr 12, 2022.
             Was an Elder of Lugonu.
             Slain by an ogre
             ... wielding a +0 giant club
              (24 damage)
             ... on level 5 of the Dungeon.
             The game lasted 00:13:48 (5124 turns).

serber55 the Schismatic (Demonspawn Abyssal Knight) Turns: 5124, Time: 00:13:49

Health: -5/62      AC:  9    Str: 13    XL:     8   Next: 9%
Magic:  12/12      EV: 10    Int: 12    God:    Lugonu [****..]
Gold:   287        SH:  0    Dex: 21    Spells: 7/7 levels left

rFire   . . .      SeeInvis .   a - +1 hand axe
rCold   . . .      Faith    .   (no shield)
rNeg    . . .      Spirit   .   k - +3 ring mail "Bidioj" {Dex+5}
rPois   .          Reflect  .   (helmet restricted)
rElec   .          Harm     .   (no cloak)
rCorr   .          Rampage  .   (no gloves)
Will    .....                   (no boots)
Stlth   +.........              (no amulet)
HPRegen 0.20/turn               (no ring)
MPRegen 0.13/turn               (no ring)

@: no status effects
A: horns 1, foul stench 1, powered by death 1, sharp scales 1
a: Renounce Religion, Depart the Abyss, Bend Space, Banish, Corrupt


You were on level 5 of the Dungeon.
You worshipped Lugonu.
Lugonu was greatly pleased with you.
You visited 1 branch of the dungeon, and saw 5 of its levels.
You visited the Abyss 1 time.

You collected 287 gold pieces.

Inventory:

Hand Weapons
 a - a +1 hand axe (weapon)
Missiles
 c - 4 curare-tipped darts
 e - 2 throwing nets
 i - 4 poisoned darts
Armour
 k - the +3 ring mail "Bidioj" (worn) {Dex+5}
   (You found it on level 2 of the Dungeon)

   Dex:       It affects your dexterity (+5).
Wands
 b - a wand of polymorph (7)
Potions
 d - 2 potions of resistance
 g - 2 potions of curing
 h - 2 potions of mutation {unknown}
 j - 3 potions of might {unknown}
 n - a potion of cancellation {unknown}
 p - 2 potions of magic {unknown}
 s - a potion of lignification {unknown}


   Skills:
 + Level 5.1 Fighting
 * Level 5.7 Axes
 + Level 4.2 Armour
 - Level 0.8 Dodging
 + Level 6.0 Invocations


You had 7 spell levels left.
You didn't know any spells.
Your spell library contained the following spells:

 Spells                   Type           Power      Damage    Failure   Level
 Animate Skeleton         Necr           0%         N/A       56%         1
 Pain                     Necr           0%         1d4       56%         1
 Gell's Gravitas          Tloc           0%         N/A       90%         3
 Lesser Beckoning         Tloc           0%         N/A       90%         3
 Teleport Other           Tloc           0%         N/A       90%         3
 Vampiric Draining        Necr           0%         2d6       90%         3


Dungeon Overview and Level Annotations

Branches:
Dungeon (5/15)             Temple (0/1) D:4

Altars:
Wu Jian


Innate Abilities, Weirdness & Mutations

You have a pair of small horns on your head.
You may rarely emit foul miasma when damaged in melee.
You regenerate a little health from kills.
You are partially covered in razor-sharp scales. (AC +1, Slay +1)


Message History

Lugonu accepts your kill.
Reactivating autopickup.
You feel a bit more experienced.
Your Invocations skill increases to level 6!
Things that are here:
a +0 dagger; a +0 robe of cold resistance; an orc corpse An ogre is nearby!
There is a stone staircase leading up, spattered with blood here.
You climb upwards.
There is a stone staircase leading down, spattered with blood here.
You start resting.
HP restored.
You climb downwards.
There is a stone staircase leading up, spattered with blood here.
No target in view!
Things that are here:
2 throwing nets; a +0 spear
e - 2 throwing nets The ogre barely misses you.
You barely miss the ogre. The ogre hits you with a +0 giant club!
You emit a cloud of foul miasma!
You hit the ogre but do no damage. You headbutt the ogre.
The ogre is lightly wounded.
You hit the ogre but do no damage.
The ogre is lightly wounded.
The ogre is engulfed in dark miasma.
The ogre is poisoned.
The ogre hits you with a +0 giant club!!
Ouch! That really hurt!
* * * LOW HITPOINT WARNING * * *
You are too injured to fight recklessly!
The ogre attacks as you move away! The ogre barely misses you.
The ogre is engulfed in dark miasma.
The ogre looks even sicker.
There is a stone staircase leading up, spattered with blood here.
You hit the ogre.
The ogre is severely wounded.
The ogre closely misses you.
You hit the ogre. Your headbutt misses the ogre.
The ogre is severely wounded.
The ogre hits you with a +0 giant club!!
You die...

#..#....#.# #.#...#
#..#....#.####.#...#
#.....)...#........#
###.#.#[.....รท......#
......[......<....###
......[).......>..#
#####.#...........#
...#...........#
###.#.)...##.O@##
.......######...######
........ #........#
####.... #........#
#..... #........#
#..... #...######
#.#.... #....# #.#.
#.#..# #.#..#####


You could see an ogre (poisoned).

Vanquished Creatures
  A steam dragon (D:3)
  2 black bears
  2 scorpions
  A necrophage (D:5)
  A howler monkey (D:5)
  A gnoll shaman (D:4)
  A hound (D:5)
  A jelly (D:5)
  An iguana (D:4)
  5 orc wizards
  Ijyb (D:4)
  Natasha (twice) (D:3)
  7 gnolls
  9 adders
  A worm (D:4)
  3 dart slugs (D:1)
  20 orcs
  6 bats
  2 endoplasms
  A giant cockroach (D:4)
  4 goblins
  7 hobgoblins
  9 jackals
  5 quokkas
  7 ball pythons
  4 frilled lizards
  3 kobolds
  A rat (D:2)
108 creatures vanquished.

Vanquished Creatures (others)
  An orc (D:3)
  A fungus (D:1)
2 creatures vanquished.

Grand Total: 110 creatures vanquished

Notes
Turn   | Place    | Note
-------+----------+-------------------------------------------
     0 | Abyss:1  | serber55 the Demonspawn Abyssal Knight began the quest for
                  | the Orb.
     0 | Abyss:1  | Reached XP level 1. HP: 18/18 MP: 2/2
    38 | Abyss:1  | Noticed a large abomination
    41 | Abyss:1  | Noticed a small abomination
    47 | Abyss:1  | Noticed a chaos spawn
    72 | Abyss:1  | Noticed a rust devil
    73 | Abyss:1  | Noticed a tentacled starspawn
    76 | D:1      | Escaped the Abyss
   335 | D:1      | Gained mutation: You regenerate a little health from kills.
                  | [demonic ancestry]
   335 | D:1      | Reached XP level 2. HP: 24/24 MP: 4/4
   683 | D:1      | Found a faded altar of an unknown god.
  1078 | D:2      | Reached XP level 3. HP: 23/29 MP: 5/5
  1081 | D:2      | Reached skill level 3 in Invocations
  1237 | D:2      | Identified the +3 ring mail "Bidioj" {Dex+5}
  1863 | D:3      | Gained mutation: You may rarely emit foul miasma when
                  | damaged in melee. [demonic ancestry]
  1863 | D:3      | Reached XP level 4. HP: 33/35 MP: 6/6
  1885 | D:3      | Reached *** piety under Lugonu
  2208 | D:3      | Reached XP level 5. HP: 41/41 MP: 7/7
  2246 | D:3      | Noticed a steam dragon
  2372 | D:3      | Killed a steam dragon
  2373 | D:3      | Reached skill level 4 in Invocations
  2373 | D:3      | Gained mutation: You have a pair of small horns on your
                  | head. [demonic ancestry]
  2373 | D:3      | Reached XP level 6. HP: 13/48 MP: 7/9
  2661 | D:3      | Noticed Natasha
  2670 | D:3      | Killed Natasha
  2818 | D:3      | Noticed Natasha
  2824 | D:3      | Killed Natasha
  3211 | D:4      | Reached XP level 7. HP: 17/55 MP: 10/10
  3416 | D:4      | Noticed Ijyb
  3441 | D:4      | Killed Ijyb
  3484 | D:4      | Found a staircase to the Ecumenical Temple.
  3558 | D:4      | Reached **** piety under Lugonu
  3569 | D:4      | Reached skill level 5 in Invocations
  3914 | D:5      | Entered Level 5 of the Dungeon
  3940 | D:5      | Found an ornate altar of the Wu Jian Council.
  4081 | D:5      | Reached skill level 5 in Axes
  4818 | D:4      | Reached skill level 5 in Fighting
  4831 | D:5      | Gained mutation: You are partially covered in razor-sharp
                  | scales. (AC +1, Slay +1) [demonic ancestry]
  4831 | D:5      | Reached XP level 8. HP: 46/62 MP: 12/12
  4916 | D:5      | Reached skill level 6 in Invocations
  5124 | D:5      | Slain by an ogre

Illustrated notes

Levels and vault maps discovered:
D:1:      minmay_arrival_semitransparent, layout_basic,
          shapermc_ecumenical_altar_gd, minmay_domino_4
D:2:      layout_loops_ring
D:3:      layout_basic, corexii_hall_statues_x, uniq_natasha
D:4:      layout_cave_pools, minmay_temple_entry_offerings, uniq_ijyb
D:5:      layout_basic, mainiacjoe_overflow_tiny_flanked

Skill      XL: |  1  2  3  4  5  6  7  8 |
---------------+-------------------------+-----
Axes           | 2 3 4 5 |  5.7
Armour         | 2 3 4 |  4.2
Invocations    | 3 4 5 6 |  6.0
Fighting       | 4 5 |  5.1
Dodging        | |  0.8

Action                   |  1- 3 |  4- 6 |  7- 9 || total
-------------------------+-------+-------+-------++-------
Melee: Hand axe          |   104 |   113 |   203 ||   420
       Punch             |       |     1 |     2 ||     3
       Headbutt          |       |    10 |    44 ||    54
       Unarmed           |       |       |     1 ||     1
Invok: Depart the Abyss  |     1 |       |       ||     1
       Bend Space        |     2 |       |     1 ||     3
  Use: Potion            |       |     2 |     1 ||     3
       Scroll            |       |     9 |     1 ||    10
Armor: Ring mail         |    55 |    74 |    89 ||   218
       Skin              |       |       |    11 ||    11
Dodge: Dodged            |    67 |    66 |    81 ||   214

Table legend: (Time is in decaauts)
 A = Elapsed time spent in this place.
 B = Non-inter-level travel time spent in this place.
 C = Inter-level travel time spent in this place.
 D = Time resting spent in this place.
 E = Time spent auto-exploring this place.
 F = Levels seen in this place.
 G = Mean time per level.
                   A        B        C        D        E       F      G
               +--------+--------+--------+--------+--------+-----+--------+
         Total |   5193 |   5053 |    140 |    943 |   3059 |   6 |  865.5 |
       Dungeon |   5117 |   4977 |    140 |    943 |   3022 |   5 | 1023.4 |
         Abyss |     76 |     76 |      0 |      0 |     37 |   1 |   76.0 |
               +--------+--------+--------+--------+--------+-----+--------+

Top non-repeatable levels by time:
     D:3: 1354 daAuts
     D:4: 1237 daAuts
     D:1: 969 daAuts
     D:2: 810 daAuts
     D:5: 745 daAuts
 Abyss:1: 76 daAuts
